 Dungeon Sprint DCSS version 0.22.2-1-ge965b3a (webtiles) character file.

12700000 Fang the Conqueror (level 27, -17/246 (249) HPs)
             Began as a Demonspawn Gladiator on June 3, 2019.
             Was the Champion of Makhleb.
             Killed from afar by a scourge (41 damage)
             ... with a poison arrow
             ... in the Dungeon (Sprint VIII: "Arena of Blood").
             The game lasted 00:03:53 (127 turns).

Fang the Conqueror (Demonspawn Gladiator)            Turns: 127, Time: 00:03:54

HP:   -17/246 (249) AC:  6    Str: 27    XL:     27
MP:   0/54          EV: 34    Int: 10    God:    Makhleb [******]
Gold: 0             SH:  0    Dex: 21    Spells: 80/80 levels left

rFire    . . .     SeeInvis +   l - +∞ Axe of Woe
rCold    . . .     Gourm    .   (shield currently unavailable)
rNeg     . . .     Faith    .   b - +0 leather armour
rPois    .         Spirit   +   (helmet unavailable)
rElec    .         Reflect  .   (no cloak)
rCorr    .         Harm     .   (no gloves)
MR       ++...     NoTele   +   (no boots)
Stlth    ++++++++++             (no amulet)
HPRegen  12.51/turn             (no ring)
MPRegen  0.68/turn              (no ring)

@: lethally poisoned (-17 -> 9), drained
A: antennae 3, thin skeletal structure 3, powered by death 3, augmentation 3,
magic shield, magic regeneration, magic link
a: Minor Destruction, Lesser Servant of Makhleb, Major Destruction, Greater
Servant of Makhleb, Renounce Religion


You were in the Dungeon.
You worshipped Makhleb.
Makhleb was exalted by your worship.
You were not hungry.

You visited 1 branch

Inventory:

Hand Weapons
 a - a +0 war axe
 l - the +∞ Axe of Woe (weapon)
   (You found it in the Dungeon)
Missiles
 d - 3 throwing nets (quivered)
Armour
 b - a +0 leather armour (worn)
 c - a +0 helmet
Scrolls
 k - a scroll of blinking
Potions
 e - a potion of curing
 g - a potion of heal wounds
 h - a potion of haste
 i - 2 potions of magic
 j - a potion of berserk rage
Comestibles
 f - a ration


   Skills:
 O Level 27(26.0) Fighting
   Level 20.0(21.9) Short Blades
   Level 19.7(21.8) Long Blades
 O Level 27(26.0) Axes
   Level 19.8(26.0) Maces & Flails
   Level 19.9(26.0) Polearms
   Level 19.7(24.1) Staves
   Level 19.8(24.5) Slings
   Level 19.8(19.0) Bows
   Level 19.9(19.1) Crossbows
 O Level 27(26.0) Throwing
 O Level 27(26.0) Armour
 O Level 27(26.0) Dodging
 O Level 27(26.0) Stealth
   Level 19.9(19.1) Shields
 O Level 27(26.0) Unarmed Combat
 O Level 27(26.0) Spellcasting
   Level 21.3(20.4) Conjurations
   Level 21.2(20.4) Hexes
   Level 19.7(18.9) Charms
   Level 21.3(20.4) Summonings
   Level 22.7(21.9) Necromancy
   Level 19.9(19.1) Translocations
   Level 19.9(19.1) Transmutations
   Level 19.9(19.1) Fire Magic
   Level 19.8(19.0) Ice Magic
   Level 19.7(18.9) Air Magic
   Level 19.9(19.1) Earth Magic
   Level 21.2(20.4) Poison Magic
 O Level 27(26.0) Invocations
   Level 21.3(20.5) Evocations


You had 80 spell levels left.
You didn't know any spells.
Your spell library was empty.

Dungeon Overview and Level Annotations

Branches:
Dungeon (1/1)

Altars:
Makhleb


Innate Abilities, Weirdness & Mutations

You have a pair of large antennae on your head. (SInv)
You have an unnaturally thin skeletal structure. (Dex +6, Stealth++)
You regenerate a lot of health from kills.
Your magical and physical power is greatly enhanced at high health.
When hurt, damage is shared between your health and your magic reserves.
You regenerate magic rapidly.
When low on magic, you restore magic in place of health.


Message History

The eight-headed meat hydra calls on the powers of darkness!
The eight-headed meat hydra convulses!
The bag of meat convulses!
The fleshlord convulses!
The scourge convulses!
The observer convulses!
The scourge convulses!
Your body is wracked with pain!
* * * LOW HITPOINT WARNING * * *
The scourge convulses!
The bag of meat convulses! x2
The wretched soul breathes negative energy at you.
The bolt of negative energy hits you!
You feel drained.
* * * LOW HITPOINT WARNING * * *
A dread comes into view.
The accursed casts a spell at you. Something smites you!
* * * LOW HITPOINT WARNING * * *
You are engulfed in blazing flames.
* * * LOW HITPOINT WARNING * * *
You feel extremely sick. The scourge throws poison arrow at you.
The poison arrow hits you!
You are more poisoned.
You die...

...............
..........#.#.....
..................
#......L.pW.......
.#............%...
.......Wo.o...%...
......W).xD§§.W..
{#))S)))§# .
#.)x§@§§# ..
..###)xX§)§S###...
......o###2XX.X...
......§{_{.)Wpz%W.
......#...).#XLDL..
......#_.<._#.ooX..
......#.{...#{.....
#........_.....M...
.......###........


You could see an accursed, a tentacled monstrosity, a meat beast, 3 tyrants, 2
eight-headed meat hydras, 2 scourges, 2 fleshlords, a sculptor of flesh, 5 large
abominations, 3 wretched souls, 3 dreads, 5 bags of meat and 3 crawling corpses.

Vanquished Creatures
  Sigmund (D)
  11 hell beasts (D)
  3 greater mummies (D)
  3 great orbs of eyes (D)
  6 wraiths (D)
  Harold (D)
  8 liches (D)
  A hydra (D)
  82 orcs (D)
  2 phantoms (D)
  6 skeletal warriors (D)
  2 sea snakes (D)
  5 large abominations (D)
  11 small abominations (D)
  19 crawling corpses (D)
  17 vampire knights (D)
  39 ogres (D)
  8 two-headed ogres (D)
225 creatures vanquished.

Vanquished Creatures (others)
  A two-headed ogre (D)
  4 orcs (D)
  2 crawling corpses (D)
7 creatures vanquished.

Grand Total: 232 creatures vanquished

Notes
Turn   | Place    | Note
-------+----------+-------------------------------------------
     0 | D        | Found the +∞ Axe of Woe
     0 | D        | Fang the Demonspawn Gladiator began the quest for the Orb.
     0 | D        | Reached XP level 1. HP: 16/16 MP: 1/1
     4 | D        | Became a worshipper of Makhleb the Destroyer
     5 | D        | Noticed a bag of meat
     5 | D        | Noticed a meat berserker
     6 | D        | Noticed a bag of meat
     9 | D        | Noticed a bag of meat
    10 | D        | Killed a bag of meat
    10 | D        | Gained mutation: You have a somewhat thin skeletal
                  | structure. (Dex +2, Stealth) [demonic ancestry]
    10 | D        | Reached XP level 2. HP: 43/43 MP: 2/2
    10 | D        | Gained mutation: You have a pair of small antennae on your
                  | head. [demonic ancestry]
    10 | D        | Reached XP level 3. HP: 49/49 MP: 3/3
    10 | D        | Gained mutation: You have a pair of antennae on your head.
                  | [demonic ancestry]
    10 | D        | Reached XP level 4. HP: 56/56 MP: 4/4
    10 | D        | Reached XP level 5. HP: 62/62 MP: 5/5
    10 | D        | Reached XP level 6. HP: 69/69 MP: 6/6
    10 | D        | Gained mutation: When hurt, damage is shared between your
                  | health and your magic reserves. [demonic ancestry]
    10 | D        | Reached XP level 7. HP: 75/75 MP: 7/7
    10 | D        | Reached XP level 8. HP: 82/82 MP: 8/8
    10 | D        | Gained mutation: You have a pair of large antennae on your
                  | head. (SInv) [demonic ancestry]
    10 | D        | Reached XP level 9. HP: 88/88 MP: 9/9
    10 | D        | Reached XP level 10. HP: 95/95 MP: 10/10
    10 | D        | Reached XP level 11. HP: 101/101 MP: 11/11
    10 | D        | Noticed a bag of meat
    11 | D        | Killed a meat berserker
    11 | D        | Reached * piety under Makhleb
    11 | D        | Gained mutation: You regenerate magic rapidly. [demonic
                  | ancestry]
    11 | D        | Reached XP level 12. HP: 40/116 MP: 3/12
    11 | D        | Gained mutation: You regenerate a little health from kills.
                  | [demonic ancestry]
    11 | D        | Reached XP level 13. HP: 42/122 MP: 3/13
    11 | D        | Killed a bag of meat
    11 | D        | Reached XP level 14. HP: 46/133 MP: 3/14
    11 | D        | Noticed a meat berserker
    12 | D        | Noticed a meat berserker
    12 | D        | Noticed a meat berserker
    12 | D        | Noticed a bag of meat
    13 | D        | Killed a meat berserker
    13 | D        | Gained mutation: You have a moderately thin skeletal
                  | structure. (Dex +4, Stealth+) [demonic ancestry]
    13 | D        | Reached XP level 15. HP: 132/144 MP: 3/15
    13 | D        | Reached ** piety under Makhleb
    14 | D        | Killed a meat berserker
    14 | D        | Gained mutation: You regenerate health from kills. [demonic
                  | ancestry]
    14 | D        | Reached XP level 16. HP: 157/157 MP: 3/16
    15 | D        | Noticed a meat berserker
    16 | D        | Killed a meat berserker
    16 | D        | Reached *** piety under Makhleb
    16 | D        | Gained mutation: You have an unnaturally thin skeletal
                  | structure. (Dex +6, Stealth++) [demonic ancestry]
    16 | D        | Reached XP level 17. HP: 169/169 MP: 4/17
    17 | D        | Noticed a large bag of meat
    18 | D        | Noticed a meat berserker
    19 | D        | Noticed a meat berserker
    19 | D        | Killed a meat berserker
    19 | D        | Reached skill level 27 in Fighting
    19 | D        | Reached **** piety under Makhleb
    19 | D        | Gained mutation: You regenerate a lot of health from kills.
                  | [demonic ancestry]
    19 | D        | Reached XP level 18. HP: 182/182 MP: 4/18
    19 | D        | Reached skill level 27 in Axes
    19 | D        | Reached skill level 27 in Throwing
    19 | D        | Reached skill level 27 in Dodging
    19 | D        | Reached skill level 1 in Invocations
    19 | D        | Noticed a meat berserker
    23 | D        | Killed a meat berserker
    23 | D        | Reached ***** piety under Makhleb
    23 | D        | Reached XP level 19. HP: 189/189 MP: 5/35
    24 | D        | Noticed a meat berserker
    24 | D        | Killed a meat berserker
    24 | D        | Reached skill level 15 in Armour
    24 | D        | Reached skill level 15 in Unarmed Combat
    24 | D        | Reached skill level 15 in Spellcasting
    24 | D        | Noticed a large bag of meat
    25 | D        | Killed a meat berserker
    25 | D        | Gained mutation: Your magical and physical power is
                  | slightly enhanced at high health. [demonic ancestry]
    25 | D        | Reached XP level 20. HP: 197/197 MP: 6/41
    26 | D        | Killed a large bag of meat
    26 | D        | Reached skill level 27 in Invocations
    26 | D        | Gained mutation: Your magical and physical power is
                  | enhanced at high health. [demonic ancestry]
    26 | D        | Reached XP level 21. HP: 204/204 MP: 6/45
    26 | D        | Reached ****** piety under Makhleb
    28 | D        | Reached XP level 22. HP: 212/212 MP: 7/50
    28 | D        | Reached skill level 27 in Stealth
    29 | D        | Reached skill level 27 in Armour
    29 | D        | Reached skill level 27 in Unarmed Combat
    29 | D        | Reached skill level 27 in Spellcasting
    29 | D        | Noticed a large bag of meat
    29 | D        | Noticed a large bag of meat
    30 | D        | Reached XP level 23. HP: 219/219 MP: 8/54
    30 | D        | Noticed a destroyer
    32 | D        | Noticed a destroyer
    33 | D        | Gained mutation: Your magical and physical power is greatly
                  | enhanced at high health. [demonic ancestry]
    33 | D        | Reached XP level 24. HP: 227/227 MP: 9/54
    33 | D        | Noticed a large bag of meat
    34 | D        | Killed a large bag of meat
    34 | D        | Killed a destroyer
    35 | D        | Gained mutation: When low on magic, you restore magic in
                  | place of health. [demonic ancestry]
    35 | D        | Reached XP level 25. HP: 234/234 MP: 9/54
    36 | D        | Noticed a destroyer
    37 | D        | Killed a destroyer
    38 | D        | Killed a large bag of meat
    38 | D        | Reached XP level 26. HP: 242/242 MP: 25/54
    38 | D        | Noticed a destroyer
    38 | D        | Noticed a destroyer
    39 | D        | Killed a large bag of meat
    39 | D        | Noticed a destroyer
    40 | D        | Noticed a destroyer
    41 | D        | Killed a destroyer
    41 | D        | Reached XP level 27. HP: 249/249 MP: 34/54
    42 | D        | Killed a destroyer
    42 | D        | Killed a destroyer
    43 | D        | Killed a large bag of meat
    44 | D        | Noticed a destroyer
    45 | D        | Killed a destroyer
    46 | D        | Noticed a destroyer
    47 | D        | Killed a destroyer
    48 | D        | Killed a destroyer
    49 | D        | Noticed a tyrant
    51 | D        | Killed a destroyer
    51 | D        | Noticed a destroyer
    53 | D        | Noticed a destroyer
    55 | D        | Killed a tyrant
    57 | D        | Noticed a tyrant
    58 | D        | Killed a destroyer
    58 | D        | Killed a destroyer
    58 | D        | Noticed an accursed
    59 | D        | Noticed The Servant
    60 | D        | Noticed The Captor
    63 | D        | Killed a tyrant
    64 | D        | Noticed a meat beast
    64 | D        | Noticed a meat beast
    66 | D        | Killed The Captor
    68 | D        | Noticed a dread
    69 | D        | Killed The Servant
    70 | D        | Killed a meat beast
    70 | D        | Noticed a meat beast
    72 | D        | Noticed a meat beast
    72 | D        | Noticed a meat beast
    73 | D        | Killed a meat beast
    74 | D        | Killed an accursed
    75 | D        | Killed a meat beast
    75 | D        | Noticed a meat beast
    77 | D        | Killed a meat beast
    78 | D        | Killed a meat beast
    78 | D        | Noticed a destroyer
    80 | D        | Killed a dread
    80 | D        | Noticed a dread
    81 | D        | Killed a meat beast
    83 | D        | Noticed a meat beast
    85 | D        | Killed a destroyer
    86 | D        | Noticed a tyrant
    86 | D        | Noticed a meat beast
    86 | D        | Noticed a meat beast
    86 | D        | Noticed a dread
    87 | D        | Noticed a meat beast
    88 | D        | Killed a meat beast
    88 | D        | Noticed a meat beast
    89 | D        | Noticed a large bag of meat
    90 | D        | Killed a meat beast
    90 | D        | Noticed a destroyer
    91 | D        | Killed a meat beast
    91 | D        | Noticed a destroyer
    92 | D        | Killed a meat beast
    92 | D        | Noticed a destroyer
    93 | D        | Killed a meat beast
    95 | D        | Noticed a tyrant
    96 | D        | Noticed a dread
    97 | D        | Killed a destroyer
    97 | D        | Killed a destroyer
    97 | D        | Noticed a tyrant
    97 | D        | Noticed a destroyer
    97 | D        | Noticed an accursed
    98 | D        | Noticed a dread
    99 | D        | Killed a dread
   100 | D        | Killed a large bag of meat
   100 | D        | Noticed a large bag of meat
   101 | D        | Killed a tyrant
   101 | D        | Noticed an accursed
   101 | D        | Noticed a dread
   101 | D        | Noticed a tyrant
   102 | D        | Killed a tyrant
   102 | D        | Killed a destroyer
   103 | D        | Killed a destroyer
   104 | D        | Noticed a large bag of meat
   105 | D        | Noticed a destroyer
   105 | D        | Noticed a tyrant
   106 | D        | Noticed a large bag of meat
   107 | D        | Killed a destroyer
   108 | D        | Killed a tyrant
   110 | D        | HP: 8/246 [accursed/divine providence (9)]
   112 | D        | Killed a tyrant
   113 | D        | Killed an accursed
   113 | D        | Killed a dread
   113 | D        | Noticed a tyrant
   114 | D        | Killed a large bag of meat
   115 | D        | Killed a dread
   115 | D        | Killed an accursed
   116 | D        | HP: 10/246 [scourge (10)]
   116 | D        | Noticed a tyrant
   117 | D        | Killed a large bag of meat
   120 | D        | Killed a dread
   121 | D        | Noticed a dread
   121 | D        | Noticed a tyrant
   122 | D        | Killed a tyrant
   122 | D        | Noticed an accursed
   122 | D        | Noticed a fleshlord
   123 | D        | Noticed a meat beast
   124 | D        | Killed a dread
   124 | D        | Noticed a fleshlord
   125 | D        | Killed a large bag of meat
   125 | D        | Noticed a dread
   125 | D        | Noticed a tyrant
   126 | D        | Killed a tyrant
   126 | D        | Noticed a dread
   127 | D        | Killed from afar by a scourge

Skill      XL: |  1  2  3  4  5  6  7  8  9 10 11 12 13 14 15 16 17 18 19 20 21 22 23 24 25 26 27 |
---------------+----------------------------------------------------------------------------------+-----
Fighting       | 14 18 19 21 23 25 27 | 27.0
Axes           | 13 17 18 19 22 23 26 27 | 27.0
Throwing       | 13 16 18 19 22 23 26 27 | 27.0
Dodging        | 13 17 18 19 22 23 26 27 | 27.0
Invocations    | 16 22 27 | 27.0
Armour         | 12 17 20 24 27 | 27.0
Stealth        | 13 18 22 26 27 | 27.0
Unarmed Combat | 12 17 20 24 27 | 27.0
Spellcasting   | 12 17 20 24 27 | 27.0
Short Blades   | 20 | 20.0
Long Blades    | 19 | 19.7
Maces & Flails | 19 | 19.8
Polearms       | 19 | 19.9
Staves         | 19 | 19.7
Slings         | 19 | 19.8
Bows           | 19 | 19.8
Crossbows      | 19 | 19.9
Shields        | 19 | 19.9
Conjurations   | 21 | 21.3
Hexes          | 21 | 21.2
Charms         | 19 | 19.7
Summonings     | 21 | 21.3
Necromancy     | 22 | 22.7
Translocations | 19 | 19.9
Transmutations | 19 | 19.9
Fire Magic     | 19 | 19.9
Ice Magic      | 19 | 19.8
Air Magic      | 19 | 19.7
Earth Magic    | 19 | 19.9
Poison Magic   | 21 | 21.2
Evocations     | 21 | 21.3

Action                   |  1- 3 |  4- 6 |  7- 9 | 10-12 | 13-15 | 16-18 | 19-21 | 22-24 | 25-27 || total
-------------------------+-------+-------+-------+-------+-------+-------+-------+-------+-------++-------
Melee: Executioner's axe |     1 |       |       |     1 |     2 |     6 |     5 |     7 |    80 ||   102
Armor: Leather armour    |       |       |       |       |       |       |       |       |     3 ||     3
Dodge: Dodged            |       |       |       |     1 |       |     3 |       |       |    10 ||    14
